 Dungeon Crawl Stone Soup version 0.29.1-12-g30fa7ad0bf (webtiles) character file.

Game seed: 4277978544779567559

56 nightchill the Cutter (level 3, -7/22 HPs)
             Began as a Tengu Gladiator on Jan 14, 2023.
             Mangled by an orc
             ... wielding a +2 dagger of electrocution
              (13 damage)
             ... on level 3 of the Dungeon.
             The game lasted 00:02:05 (1862 turns).

nightchill the Cutter (Tengu Gladiator)             Turns: 1862, Time: 00:02:06

Health: -7/22      AC:  4    Str: 14    XL:     3   Next: 97%
Magic:  4/4        EV: 12    Int: 10    God:
Gold:   118        SH:  0    Dex: 15    Spells: 2/2 levels left

rFire   . . .      SeeInvis +   a - +0 rapier
rCold   . . .      Faith    .   (no shield)
rNeg    . . .      Spirit   .   b - +0 leather armour
rPois   .          Reflect  .   c - +0 hat
rElec   .          Harm     .   j - +0 cloak
rCorr   .          Rampage  .   (no gloves)
Will    .....                   (boots unavailable)
Stlth   +.........              (no amulet)
HPRegen 0.07/turn               m - ring of see invisible
MPRegen 0.09/turn               (no ring)

@: no status effects
A: beak, talons 3
a: no special abilities


You were on level 3 of the Dungeon.
You visited 1 branch of the dungeon, and saw 3 of its levels.

You collected 118 gold pieces.

Inventory:

Hand Weapons
 a - a +0 rapier (weapon)
Missiles
 d - 2 throwing nets (quivered)
 e - a javelin
Armour
 b - a +0 leather armour (worn)
 c - a +0 hat (worn)
 j - a +0 cloak (worn)
Jewellery
 l - a ring of fire
 m - a ring of see invisible (left hand)
 r - a ring of wizardry
Scrolls
 h - a scroll of vulnerability {unknown}
 k - a scroll of identify {unknown}
 o - a scroll of poison {unknown}
 p - 2 scrolls of enchant armour {unknown}
Potions
 f - a potion of resistance {unknown}
 g - 2 potions of haste {unknown}
 i - a potion of might {unknown}
 n - a potion of brilliance {unknown}
 q - a potion of curing {unknown}
 s - a potion of mutation {unknown}
 t - a potion of attraction {unknown}


   Skills:
 + Level 2.8 Fighting
 * Level 4.6 Short Blades
 - Level 2.0 Throwing
 - Level 3.2 Dodging


You had 2 spell levels left.
You didn't know any spells.
Your spell library contained the following spells:

 Spells                   Type           Power      Damage    Failure   Level
 Summon Small Mammal      Summ           0%         N/A       43%         1
 Call Canine Familiar     Summ           0%         N/A       82%         3
 Summon Guardian Golem    Hex/Summ       0%         N/A       82%         3


Dungeon Overview and Level Annotations

Branches:
Dungeon (3/15)

Altars:

Annotations:
D:3 1 transporter, Sapher's ghost, weakling BaEE


Innate Abilities, Weirdness & Mutations

You have a beak for a mouth.
You have claws for feet.


Message History

The frilled lizard hisses angrily.
The quokka bites you but does no damage.
You hit the quokka. You claw the quokka.
You kill the quokka!
An endoplasm comes into view.
Found 6 stones.
The endoplasm quivers.
You hit the frilled lizard.
You kill the frilled lizard!
You see here a frilled lizard corpse.
You hit the endoplasm but do no damage. You claw the endoplasm.
You kill the endoplasm!
No target in view!
You see here 6 stones.
An orc comes into view. It is wielding a +0 club.
The orc shouts!
You hear a shout!
An orc is nearby!
An orc is nearby!
An orc comes into view.
It is wielding a +2 dagger of electrocution.
The orc hits you but does no damage.
You hit the orc. You claw the orc.
You kill the orc!
The orc shouts!
You hear a shout! x2
You see here a +0 club.
An orc wizard and an orc come into view.
The orc wizard shouts!
The orc shouts!
The orc hits you with a +2 dagger of electrocution.
You are electrocuted!
Ouch! That really hurt!
* * * LOW HITPOINT WARNING * * *
Throw: 3 throwing nets
Press: ? - help, Q - select action, (/) - cycle Shift-Dir - straight line, f - orc
Aim: an orc, wielding a +2 dagger of electrocution and wearing a +0 leather armour (60% to hit)
You throw a throwing net.
The throwing net completely misses the orc.
The orc hits you with a +2 dagger of electrocution.
* * * LOW HITPOINT WARNING * * *
You are electrocuted!
Ouch! That really hurt!
You die...

.... ......
###.### .... .....
##.# ###.
.....#### #..#
##...###.## #
##.....##.#
######.......#.#
###..............#
#.......)........#
.#.##.@........##
#o#.......##
#o##.....## #.
##...## #o #####
.. ##


You could see an orc wizard and 2 orcs.

Vanquished Creatures
  2 adders
  2 dart slugs
  An orc (D:3)
  5 ball pythons
  5 endoplasms
  A giant cockroach (D:1)
  3 goblins (D:1)
  3 hobgoblins
  2 quokkas
  A bat (D:1)
  A frilled lizard (D:3)
  2 kobolds (D:1)
  4 rats
32 creatures vanquished.

Notes
Turn   | Place    | Note
-------+----------+-------------------------------------------
     0 | D:1      | nightchill the Tengu Gladiator began the quest for the Orb.
     0 | D:1      | Reached XP level 1. HP: 12/12 MP: 2/2
   142 | D:1      | Reached XP level 2. HP: 17/17 MP: 3/3
   162 | D:1      | Found a faded altar of an unknown god.
   298 | D:1      | Reached skill level 4 in Short Blades
   621 | D:1      | Reached XP level 3. HP: 22/22 MP: 4/4
  1719 | D:3      | Found a transporter.
  1719 | D:3      | Noticed Sapher's ghost (weakling BaEE)
  1862 | D:3      | Mangled by an orc

Illustrated notes

Levels and vault maps discovered:
D:1:      ebering_hopf_link, layout_loops_cross,
          ebering_ecumenical_altar_abandoned, chequers_jeans, grunt_decor_cap,
          nicolae_titane
D:2:      layout_basic
D:3:      layout_loops_cross, nicolae_overflow_crystal_walls,
          gammafunk_ghost_arena, nicolae_concentric_dashed_squares_mild

Skill      XL: |  1  2 |
---------------+-------+-----
Short Blades   | 4 |  4.6
Fighting       | |  2.8
Throwing       | |  2.0
Dodging        | |  3.2

Action                   || total
-------------------------++-------
Melee: Rapier            ||    65
       Kick              ||    18
       Peck              ||     6
Throw: Throwing net      ||     1
 Stab: Sleeping          ||     3
Armor: Leather armour    ||    13
Dodge: Dodged            ||    30
